 Dungeon Crawl Stone Soup version 0.25-a0-425-g0e000e855e (webtiles) character file.

Game seed: 8088000009764116693, levelgen mode: deterministic

311 Eurus the Magician (level 6, -5/46 HPs)
             Began as a Mummy Conjurer on Jan 24, 2020.
             Slain by a mummy (17 damage)
             ... in an ossuary.
             The game lasted 00:11:37 (4375 turns).

Eurus the Magician (Mummy Conjurer)                 Turns: 4375, Time: 00:11:38

Health: -5/46      AC:  3    Str: 12    XL:     6   Next: 18%
Magic:  8/12       EV: 12    Int: 16    God:
Gold:   155        SH:  3    Dex: 12    Spells: 11/14 levels left

rFire    x . .     SeeInvis .   b - +0 dagger
rCold    + + .     Gourm    .   l - +0 buckler
rNeg     + + +     Faith    .   a - +0 robe
rPois    ∞         Spirit   .   (no helmet)
rElec    .         Reflect  .   (no cloak)
rCorr    .         Harm     .   g - +0 pair of gloves
MR       .....                  (no boots)
Stlth    ++........             (no amulet)
HPRegen  0.15/turn              h - ring of protection from cold
MPRegen  0.13/turn              j - ring of wizardry

@: no status effects
A: no food or potions, fire vulnerability, cold resistance 1, negative energy
resistance 3, torment resistance, unbreathing
a: no special abilities


You were in an ossuary.
You were not hungry.

You visited 1 branch of the dungeon, and saw 4 of its levels.
You also visited: Ossuary.

You collected 155 gold pieces.

Inventory:

Hand Weapons
 b - a +0 dagger (weapon)
Armour
 a - a +0 robe (worn)
 g - a +0 pair of gloves (worn)
 i - a +2 shield
 l - a +0 buckler (worn)
Jewellery
 h - a ring of protection from cold (left hand)
 j - a ring of wizardry (right hand)
Scrolls
 c - a scroll of fear
 e - 2 scrolls of remove curse
 f - 3 scrolls of identify
 k - a scroll of enchant weapon


   Skills:
 + Level 2.8 Fighting
 - Level 3.0 Dodging
 - Level 1.5 Stealth
 + Level 0.1 Shields
 + Level 4.6 Spellcasting
 + Level 4.1 Conjurations


You had 11 spell levels left.
You knew the following spells:

 Your Spells              Type           Power        Failure   Level  Hunger
a - Magic Dart            Conj           ###.         1%          1    N/A
b - Searing Ray           Conj           ###...       2%          2    N/A

Your spell library contained the following spells:

 Spells                   Type           Power        Failure   Level  Hunger
 Dazzling Flash           Conj/Hex       ##....       13%         3    N/A
 Fulminant Prism          Conj/Hex       ##........   38%         4    N/A
 Iskenderun's Mystic Bla  Conj/Tloc      ##......     38%         4    N/A

Dungeon Overview and Level Annotations

Branches:
Dungeon (4/15)            Ossuary (1/1)
 Temple: D:4-7

Altars:
Cheibriados
Elyvilon
Hepliaklqana
Okawaru
Ru
Wu Jian
The Shining One


Innate Abilities, Weirdness & Mutations

You do not eat or drink.
Your flesh is vulnerable to fire.
You are immune to poison.
Your flesh is cold resistant. (rC+)
You are immune to negative energy. (rN+++)
You are immune to unholy pain and torment.
You can survive without breathing.


Message History

There is an empty arch of ancient stone here.
You block the kobold zombie's attack.
As you read the scroll of teleportation, it crumbles to dust.
You feel strangely unstable. The kobold zombie closely misses you.
You hit the gnoll zombie.
The gnoll zombie is almost destroyed.
The gnoll zombie barely misses you. The kobold zombie misses you.
You hit the gnoll zombie.
You destroy the gnoll zombie!
The kobold zombie hits you.
* * * LOW HITPOINT WARNING * * *
The kobold zombie hits you.
* * * LOW HITPOINT WARNING * * *
You hit the hobgoblin zombie.
The hobgoblin zombie is heavily damaged.
Your surroundings suddenly seem different. 3 mummies come into view. 2 mummies come into view.
The mummy hits you!
You die...

############
##......M....
##..M...####..
#....M.##..##
#.....##....##.
#.......MM.....
##.....@........
##............
#+##........#
##......##
##....## #....#
#....# #...Z#
#....#


You could see 4 mummies and a kobold zombie.

Vanquished Creatures
  An orc wizard (D:3)
  Jessica (D:3)
  Natasha (thrice) (D:2)
  2 mummies (Ossuary)
  6 gnolls
  2 adders
  3 dart slugs
  2 leopard geckos (D:1)
  7 orcs (D:3)
  7 bats
  2 giant cockroaches
  4 hobgoblins
  4 quokkas
  A ball python (D:2)
  4 frilled lizards
  A gnoll zombie (Ossuary)
  12 goblins
  2 hobgoblin zombies (Ossuary)
  5 kobolds
  A kobold zombie (Ossuary)
  An orc zombie (Ossuary)
  8 rats
79 creatures vanquished.

Notes
Turn   | Place    | Note
-------+----------+-------------------------------------------
     0 | D:1      | Eurus the Mummy Conjurer began the quest for the Orb.
     0 | D:1      | Reached XP level 1. HP: 13/13 MP: 4/4
   204 | D:1      | Reached XP level 2. HP: 18/20 MP: 3/5
   208 | D:1      | Learned a level 2 spell: Searing Ray
   697 | D:1      | Reached skill level 1 in Fighting
  1105 | D:2      | Reached XP level 3. HP: 13/26 MP: 1/7
  1358 | D:2      | Found a hazy altar of Hepliaklqana.
  1358 | D:2      | Found a white marble altar of Elyvilon.
  1358 | D:2      | Found a snail-covered altar of Cheibriados.
  1358 | D:2      | Found an ornate altar of the Wu Jian Council.
  1365 | D:2      | Found an iron altar of Okawaru.
  1365 | D:2      | Found a glowing golden altar of the Shining One.
  1505 | D:2      | Found a sacrificial altar of Ru.
  1688 | D:2      | Noticed a black bear
  1791 | D:2      | Noticed Natasha
  1798 | D:2      | Killed Natasha
  1798 | D:2      | Reached XP level 4. HP: 21/33 MP: 4/9
  2183 | D:2      | Noticed Natasha
  2216 | D:2      | Killed Natasha
  2305 | D:2      | Noticed Natasha
  2309 | D:2      | Killed Natasha
  2309 | D:2      | Reached XP level 5. HP: 38/38 MP: 4/11
  3013 | D:3      | Found a faded altar of an unknown god.
  3842 | D:3      | Noticed Jessica
  3849 | D:3      | Killed Jessica
  3849 | D:3      | Reached XP level 6. HP: 46/46 MP: 12/12
  4293 | D:4      | Found a sand-covered staircase.
  4298 | Ossuary  | Entered an ossuary
  4375 | Ossuary  | Slain by a mummy

Levels and vault maps discovered:
D:1:      dpeg_arrival_long_road, layout_loops_ring
D:2:      layout_basic, minmay_overflow_temple_hex, st_stairs_11,
          nicolae_ru_sacrificial_ziggurat, uniq_natasha
D:3:      layout_basic, chequers_ecumenical_altar_simple, first_ration,
          uniq_jessica
D:4:      layout_basic, enter_ossuary_2, serial_shops, shop_statue
Ossuary:  ossuary_tomb_3

Skill      XL: |  1  2  3  4  5  6 |
---------------+-------------------+-----
Spellcasting   | 3 4 |  4.6
Fighting       | 1 2 |  2.8
Dodging        | 2 3 |  3.0
Conjurations   | 4 |  4.1
Stealth        | |  1.5
Shields        | |  0.1

Action                   |  1- 3 |  4- 6 || total
-------------------------+-------+-------++-------
Melee: Dagger            |    46 |    78 ||   124
 Cast: Magic Dart        |    50 |    61 ||   111
       Searing Ray       |     1 |    10 ||    11
  Use: Scroll            |       |     5 ||     5
 Stab: Sleeping          |     1 |     3 ||     4
Armor: Robe              |     8 |    16 ||    24
Dodge: Dodged            |    36 |    69 ||   105
Block: Buckler           |       |     9 ||     9

Table legend:
 A = Non-vault XP
 B = Vault XP
 C = Vault XP percentage of total XP
 D = Non-vault monster count
 E = Vault monster count
 F = Vault count percentage of total count
                 A         B        C        D         E       F
            +---------+---------+-------+---------+---------+-------
      Total |     329 |     116 |  26.1 |      68 |      11 |  13.9
            +---------+---------+-------+---------+---------+-------
        D:1 |      38 |       0 |   0.0 |      21 |       0 |   0.0
        D:2 |     146 |      38 |  20.7 |      15 |       3 |  16.7
        D:3 |     144 |      37 |  20.4 |      31 |       1 |   3.1
        D:4 |       1 |       0 |   0.0 |       1 |       0 |   0.0
    Ossuary |       0 |      41 | 100.0 |       0 |       7 | 100.0
            +---------+---------+-------+---------+---------+-------
